 Dungeon Crawl Stone Soup version 0.29.1-14-g9c671dbff4 (webtiles) character file.

Game seed: 12637767157053229754

141 TaterTotHotdish the Chopper (level 5, -3/47 HPs)
             Began as a Hill Orc Fighter on Feb 21, 2023.
             Slain by a gnoll
             ... wielding a +0 spear
              (5 damage)
             ... on level 4 of the Dungeon.
             The game lasted 00:10:16 (906 turns).

TaterTotHotdish the Chopper (Hill Orc Fighter)       Turns: 906, Time: 00:10:16

Health: -3/47      AC:  7    Str: 21    XL:     5   Next: 24%
Magic:  5/5        EV:  9    Int:  8    God:
Gold:   47         SH:  4    Dex: 10    Spells: 4/4 levels left

rFire   . . .      SeeInvis .   a - +0 war axe
rCold   . . .      Faith    .   c - +0 buckler
rNeg    . . .      Spirit   .   b - +0 scale mail
rPois   .          Reflect  .   (no helmet)
rElec   .          Harm     .   (no cloak)
rCorr   .          Rampage  .   (no gloves)
Will    .....                   (no boots)
Stlth   ..........              (no amulet)
HPRegen 0.15/turn               (no ring)
MPRegen 0.09/turn               (no ring)

@: no status effects
A: no striking features
a: no special abilities


You were on level 4 of the Dungeon.
You visited 1 branch of the dungeon, and saw 4 of its levels.

You collected 47 gold pieces.

Inventory:

Hand Weapons
 a - a +0 war axe (weapon)
Armour
 b - a +0 scale mail (worn)
 c - a +0 buckler (worn)
 g - a +0 ring mail
Jewellery
 d - a ring of flight
Wands
 m - a wand of flame (20)
Scrolls
 k - a scroll of butterflies
 l - a scroll of poison {unknown}
Potions
 e - a potion of flight {unknown}
 h - a potion of lignification {unknown}
 i - 2 potions of ambrosia {unknown}


   Skills:
 + Level 4.5 Fighting
 + Level 5.2 Axes
 + Level 3.9 Armour
 + Level 0.3 Dodging
 + Level 3.6 Shields


You had 4 spell levels left.
You didn't know any spells.
Your spell library contained the following spells:

 Spells                   Type           Power      Damage    Failure   Level
 Beastly Appendage        Tmut           0%         N/A       83%         1
 Wereblood                Tmut           0%         N/A       93%         2
 Conjure Flame            Conj/Fire      0%         6-21      99%         3
 Ignite Poison            Fire/Tmut/Pois 0%         N/A       99%         3
 Spider Form              Tmut/Pois      0%         N/A       99%         3
 Sticky Flame             Conj/Fire      0%         2d3       100%        4


Dungeon Overview and Level Annotations

Branches:
Dungeon (4/15)
 Temple: D:4-7

Altars:
Elyvilon
Fedhas
Nemelex Xobeh


Message History

You kill the gnoll!
The gnoll barely misses you.
You barely miss the gnoll. The gnoll closely misses you. x3
You block the gnoll's attack.
You slash the gnoll!
The gnoll is severely wounded.
The gnoll barely misses you. The gnoll hits you but does no damage.
You hit the gnoll.
The gnoll is severely wounded.
The gnoll barely misses you. The gnoll hits you but does no damage.
You barely miss the gnoll.
The gnoll is severely wounded.
The gnoll barely misses you. The gnoll hits you with a +0 club.
The gnoll hits you from afar with a +0 spear.
You block the gnoll's attack.
You hit the gnoll.
The gnoll is almost dead.
The gnoll hits you from afar with a +0 spear.
* * * LOW HITPOINT WARNING * * *
The gnoll hits you with a +0 club.
* * * LOW HITPOINT WARNING * * *
You barely miss the gnoll.
The gnoll is almost dead.
The gnoll hits you from afar with a +0 spear.
* * * LOW HITPOINT WARNING * * *
You block the gnoll's attack.
As you read the scroll labelled KABLEE OKIKA, it crumbles to dust.
It is a scroll of identify.
k - a scroll of butterflies The gnoll barely misses you.
The gnoll hits you but does no damage.
You barely miss the gnoll.
The gnoll is almost dead.
The gnoll hits you with a +0 club.
* * * LOW HITPOINT WARNING * * *
You block the gnoll's attack.
You slash the gnoll!
You kill the gnoll!
The gnoll hits you but does no damage. The endoplasm barely misses you.
The gnoll hits you from afar with a +0 spear.
You die...

#.#..##.##.##.....#
#.#.....##.###...##
#.##.##...........#
#.##.##.##.####.#.......
#.##.......# #.########
#.......#### #.#
######### #.# #.# #@#
######J## #(...gJ.#
##.####..# #......).#
...J.#...# #..#......<
#. ###..[### #...#


You could see a gnoll and 2 endoplasms.

Vanquished Creatures
  2 hounds
  2 gnolls (D:4)
  A howler monkey skeleton (D:2)
  2 adders
  An adder zombie (D:2)
  2 adder skeletons (D:2)
  A dart slug (D:2)
  2 bats (D:3)
  A bat skeleton (D:2)
  2 endoplasms
  3 giant cockroaches (D:3)
  3 goblins
  3 hobgoblins
  3 quokkas
  4 ball pythons
  A ball python skeleton (D:2)
  A frilled lizard (D:3)
  2 kobolds
  4 rats (D:1)
40 creatures vanquished.

Vanquished Creatures (others)
  3 withered plants (D:2)
3 creatures vanquished.

Grand Total: 43 creatures vanquished

Notes
Turn   | Place    | Note
-------+----------+-------------------------------------------
     0 | D:1      | TaterTotHotdish the Hill Orc Fighter began the quest for
                  | the Orb.
     0 | D:1      | Reached XP level 1. HP: 19/19 MP: 1/1
    79 | D:2      | Reached XP level 2. HP: 15/27 MP: 2/2
   112 | D:2      | Reached skill level 3 in Axes
   191 | D:2      | Found a faded altar of an unknown god.
   343 | D:2      | Reached XP level 3. HP: 27/33 MP: 3/3
   458 | D:3      | Found a white marble altar of Elyvilon.
   575 | D:3      | Found a blossoming altar of Fedhas.
   587 | D:3      | Reached skill level 4 in Axes
   679 | D:3      | Reached XP level 4. HP: 27/41 MP: 4/4
   757 | D:3      | Found a sparkling altar of Nemelex Xobeh.
   801 | D:4      | Reached skill level 5 in Axes
   801 | D:4      | Reached XP level 5. HP: 29/47 MP: 5/5
   905 | D:4      | HP: 2/47 [gnoll/+0 club (2)]
   906 | D:4      | Slain by a gnoll

Illustrated notes

Levels and vault maps discovered:
D:1:      onia_arrival_handbag, layout_basic
D:2:      cheibrodos_greedy_goblins, layout_loops_ring, basic_ecumenical_altar,
          serial_undead, serial_undead_a, serial_undead_c, serial_undead_e,
          serial_undead_b, minmay_ruptured
D:3:      layout_loops_ring, nicolae_overflow_hidden_temple, lemuel_round_altar,
          nemelex_spade_bored_becter, mainiacjoe_overflow_six_doors_small
D:4:      layout_loops_corners, pdpol_temple_overflow_zin_treasury_gozag_greed,
          fiery_altar_vehumet, chequers_serial_rivers_room_a, st_stairs_14,
          uniq_menkaure, uniq_edmund

Skill      XL: |  1  2  3  4 |
---------------+-------------+-----
Axes           | 3 4 5 |  5.2
Fighting       | 4 |  4.5
Armour         | |  3.9
Dodging        | |  0.3
Shields        | |  3.6

Action                   |  1- 3 |  4- 6 || total
-------------------------+-------+-------++-------
Melee: War axe           |    80 |    41 ||   121
  Use: Potion            |     1 |     2 ||     3
       Scroll            |       |     1 ||     1
Armor: Scale mail        |    36 |    31 ||    67
Dodge: Dodged            |    40 |    36 ||    76
Block: Buckler           |    13 |    13 ||    26
